 Dungeon Crawl Stone Soup version 0.30-b1-2-g02819fbbbe (webtiles) character file.

Game seed: 1026721075974407839

43810 LLlMATKO the Peltast (level 13, 0/122 HPs)
             Began as a Minotaur Berserker on Oct 30, 2023.
             Was a High Priest of Trog.
             Slain by an 18-headed hydra (12 damage)
             ... on level 5 of the Lair of Beasts.
             The game lasted 00:27:48 (19099 turns).

LLlMATKO the Peltast (Minotaur Berserker)          Turns: 19099, Time: 00:27:48

Health: 0/122      AC: 21    Str: 27    XL:     13   Next: 92%
Magic:  12/12      EV: 13    Int:  4    God:    Trog [*****.]
Gold:   1028       SH:  8    Dex: 16    Spells: 12/12 levels left

rFire   + . .        H - +5 hand axe (freeze)
rCold   . . .        d - +0 buckler
rNeg    . . .        N - +1 plate armour {rF+}
rPois   .            (helmet restricted)
rElec   .            u - +1 cloak
rCorr   .            F - +0 pair of gloves
SInv    .            (no boots)
Will    .....        (no amulet) Stlth
                     L - ring of flight
HPRegen 0.40/turn    x - +6 ring of dexterity
MPRegen 0.13/turn

%: no passive effects
@: on berserk cooldown, flying, slowed, studying 2 skills, very slow
A: horns 2, retaliatory headbutt
a: Renounce Religion, Berserk, Trog's Hand, Brothers in Arms


You were on level 5 of the Lair of Beasts.
You worshipped Trog.
Trog was extremely pleased with you.
You visited 2 branches of the dungeon, and saw 16 of its levels.
You also visited: Sewer and Bailey.

You collected 1028 gold pieces.

Inventory:

Hand Weapons
 o - a +0 war axe
 H - a +5 hand axe of freezing (weapon)
 K - a +3 hand axe
Missiles
 k - 71 poisoned darts (quivered)
 O - 2 throwing nets
Armour
 d - a +0 buckler (worn)
 u - a +1 cloak (worn)
 F - a +0 pair of gloves (worn)
 N - a +1 plate armour of fire resistance (worn)
Jewellery
 a - a ring of poison resistance
 n - a ring of protection from cold
 x - a +6 ring of dexterity (right hand)
 L - a ring of flight (left hand)
 M - a ring of protection from cold
Wands
 v - a wand of roots (29)
 z - a wand of flame (53)
 D - a wand of mindburst (7)
 I - a wand of polymorph (4)
 J - a wand of light (5)
Scrolls
 c - 18 scrolls of identify
 g - 2 scrolls of enchant weapon
 h - 4 scrolls of poison
 l - 6 scrolls of fear
 r - 5 scrolls of enchant armour
 y - 2 scrolls of blinking
 E - 3 scrolls of teleportation
 G - 2 scrolls of vulnerability
 Q - a scroll of fog
Potions
 b - a potion of lignification {unknown}
 e - a potion of mutation {unknown}
 f - 3 potions of might {unknown}
 i - 6 potions of heal wounds
 j - 5 potions of attraction {unknown}
 m - 4 potions of haste
 p - 7 potions of curing
 s - a potion of invisibility {unknown}
 t - a potion of experience {unknown}
 w - 4 potions of flight {unknown}
 A - a potion of ambrosia {unknown}
 B - 2 potions of brilliance {unknown}
 C - 2 potions of magic {unknown}
 P - a potion of degeneration {unknown}
 R - a potion of berserk rage {unknown}


   Skills:
 + Level 13.6 Fighting
 + Level 13.6 Axes
 + Level 13.3 Armour
 + Level 12.3 Dodging
 + Level 15.7 Shields


You had 12 spell levels left.
You didn't know any spells.
Your spell library was empty.

Dungeon Overview and Level Annotations

Branches:
Dungeon (11/15)            Temple (0/1) D:5            Lair (5/5) D:11
  Swamp (0/4) Lair:2        Snake (0/4) Lair:2        Slime (0/5) Lair:4
    Orc (0/2) D:11          Sewer (visited)          Bailey (visited)

Altars:
Ashenzari
Cheibriados
Dithmenos
Kikubaaqudgha
Qazlal
Trog
Uskayaw
Vehumet
Wu Jian
Xom
Zin

Shops:
D:5 *   D:11 (

Annotations:
Lair:4 1 runed translucent door, InTheClouds's ghost, journeyman MiBe


Innate Abilities, Weirdness & Mutations

You have a pair of horns on your head.
You reflexively headbutt those who attack you in melee.


Message History

The 15-headed hydra completely misses you.
The 15-headed hydra barely misses you. The 15-headed hydra bites you.
The 15-headed hydra misses you. You block the 15-headed hydra's attack.
The 15-headed hydra misses you. The 15-headed hydra barely misses you.
The 15-headed hydra bites you.
You chop one of the 15-headed hydra's heads off!
The 14-headed hydra grows two more!
You slash the 16-headed hydra!
The 16-headed hydra seems to slow down.
You freeze the 16-headed hydra. You headbutt the 16-headed hydra.
The 16-headed hydra is heavily wounded.
You hit the torpor snail. You freeze the torpor snail.
Unknown command.
You hack one of the 16-headed hydra's heads off!
The 15-headed hydra grows two more!
You slice the 17-headed hydra!!
The 17-headed hydra seems to slow down.
You freeze the 17-headed hydra. You headbutt the 17-headed hydra!
The 17-headed hydra is severely wounded.
You hit the torpor snail. You freeze the torpor snail.
The 17-headed hydra bites you but does no damage.
The 17-headed hydra barely misses you.
The 17-headed hydra bites you but does no damage.
You block the 17-headed hydra's attack.
The 17-headed hydra bites you but does no damage. x2
The 17-headed hydra closely misses you.
The 17-headed hydra barely misses you. x2
The 17-headed hydra bites you but does no damage.
The 17-headed hydra bites you. The 17-headed hydra bites you!
The 17-headed hydra bites you but does no damage. x2
The 17-headed hydra bites you. x2
* * * LOW HITPOINT WARNING * * *
The 17-headed hydra bites you!
* * * LOW HITPOINT WARNING * * *
The torpor snail bites you!
* * * LOW HITPOINT WARNING * * *
You chop one of the 17-headed hydra's heads off!
The 16-headed hydra grows two more!
You slash the 18-headed hydra! You freeze the 18-headed hydra.
You headbutt the 18-headed hydra.
The 18-headed hydra is severely wounded.
You slash the torpor snail! You freeze the torpor snail.
You block the 18-headed hydra's attack. The 18-headed hydra bites you!
You die...

...........#.....#...........#***
.................P...........##,*
................P...............,
.................##.........!...,
.................#P............,,
.................#...........#***
............P................# *,
P#.##.P.........w............##**
##**###...##....@D............#,,
P# #....##...#.............#*, P#
###...##....###......)...P#*, .#
#.....###....##..........##** ##
###....##...###........(.#*,, #
#...###.†..##..........#**, #####
#...#*#....#...........#***
##..###...#.#....P............#*,
....##.......................#..*


You could see a 18-headed hydra (slow) and a torpor snail.

Vanquished Creatures
  Rupert (Lair:5)
  Snorg (Lair:3)
  Josephine (D:11)
  4 hydras
  2 two-headed ogres (D:9)
  5 death yaks (Lair:4)
  2 skysharks
  Pikel (D:6)
  A necromancer (D:11)
  2 bog bodies (Lair:2)
  An orc knight (Bailey)
  A manticore (D:11)
  An oklob plant (Lair:1)
  3 black mambas
  10 centaur zombies (D:11)
  3 cane toads
  4 elephants (Lair:3)
  An unseen horror (D:10)
  6 centaur skeletons (D:11)
  3 kobold demonologists (D:10)
  A rime drake (Lair:5)
  An efreet (D:8)
  7 komodo dragons
  2 trolls
  4 hornets
  3 polar bears
  Prince Ribbit (D:7)
  4 blink frogs (Lair:2)
  4 flying skulls (D:11)
  A vampire (D:11)
  3 shadows
  4 wraiths (D:11)
  20 yaks
  4 wyverns
  3 basilisks
  2 steam dragons
  3 vampire mosquitoes (D:11)
  A naga (Lair:2)
  11 water moccasins
  17 orc warriors
  4 black bears
  2 ice beasts
  A sky beast (D:7)
  16 wolves
  An ogre (D:6)
  A lemure (D:6)
  3 centaurs
  6 kobold brigands
  8 bullfrogs
  4 gnoll sergeants
  4 scorpions
  13 wights
  13 killer bees
  A howler monkey (D:5)
  2 electric eels (Lair:1)
  5 jellies
  7 orc priests
  3 gnoll boudas
  2 hounds
  Crazy Yiuf (D:3)
  Natasha (thrice) (D:3)
  2 iguanas (D:5)
  12 orc wizards
  16 gnolls
  16 adders
  5 river rats
  A shadow imp (D:8)
  A white imp (D:6)
  An ufetubus (D:6)
  3 worms
  A dart slug (D:4)
  57 orcs
  14 ball pythons
  8 endoplasms
  2 giant cockroaches (D:4)
  9 goblins
  7 hobgoblins
  3 jackals (Sewer)
  4 quokkas
  12 bats
  10 frilled lizards
  24 kobolds
  14 rats
471 creatures vanquished.

Vanquished Creatures (collateral kills)
  A wraith (D:11)
  4 yaks (D:11)
  An acid dragon (D:11)
  An orc warrior (Bailey)
  A scorpion (D:11)
  2 orcs (D:11)
10 creatures vanquished.

Vanquished Creatures (others)
  A butterfly (D:9)
  20 fungi
  76 plants
97 creatures vanquished.

Grand Total: 578 creatures vanquished

Notes
Turn   | Place    | Note
-------+----------+-------------------------------------------
     0 | D:1      | LLlMATKO the Minotaur Berserker began the quest for the
                  | Orb.
     0 | D:1      | Reached XP level 1. HP: 19/19 MP: 0/0
   252 | D:1      | Reached XP level 2. HP: 27/27 MP: 1/1
   298 | D:1      | Reached skill level 1 in Shields
   447 | D:1      | Reached XP level 3. HP: 33/33 MP: 2/2
  1018 | D:2      | Reached ** piety under Trog
  1661 | D:3      | Reached XP level 4. HP: 31/40 MP: 3/3
  1871 | D:3      | Reached skill level 2 in Shields
  2193 | D:3      | Found a runed translucent door.
  2194 | D:3      | Noticed Crazy Yiuf
  2270 | D:3      | Reached XP level 5. HP: 46/47 MP: 4/4
  2354 | D:3      | Noticed Natasha
  2357 | D:3      | Killed Natasha
  2378 | D:3      | Noticed Natasha
  2384 | D:3      | Killed Natasha
  2396 | D:3      | Noticed Natasha
  2400 | D:3      | Killed Natasha
  2515 | D:3      | Killed Crazy Yiuf
  2657 | D:4      | Reached XP level 6. HP: 52/55 MP: 5/5
  2667 | D:4      | Reached skill level 5 in Axes
  2716 | D:4      | Reached *** piety under Trog
  2750 | D:4      | Reached skill level 5 in Fighting
  2750 | D:4      | Reached skill level 3 in Shields
  3073 | D:5      | Entered Level 5 of the Dungeon
  3131 | D:5      | Found a bloodstained altar of Trog.
  3191 | D:5      | Found a glowing drain.
  3205 | Sewer    | Entered a sewer
  3238 | Sewer    | Reached XP level 7. HP: 60/61 MP: 6/6
  3467 | Sewer    | Reached skill level 4 in Shields
  3683 | Sewer    | Reached **** piety under Trog
  3982 | D:5      | Found Hacoucso's Assorted Antiques.
  4108 | D:5      | Reached skill level 5 in Armour
  4247 | D:5      | Reached skill level 5 in Dodging
  4325 | D:5      | Reached XP level 8. HP: 65/70 MP: 7/7
  4463 | D:5      | Reached skill level 5 in Shields
  4519 | D:5      | Found a staircase to the Ecumenical Temple.
  4672 | D:5      | Found a glowing silver altar of Zin.
  4672 | D:5      | Found a shadowy altar of Dithmenos.
  5381 | D:6      | Noticed Pikel
  5402 | D:6      | Killed Pikel
  5403 | D:6      | Reached skill level 6 in Shields
  5403 | D:6      | Reached XP level 9. HP: 58/79 MP: 8/8
  6474 | D:7      | Identified the +4 ring mail of Elitism {Int+6}
  6486 | D:7      | Reached skill level 7 in Shields
  6549 | D:7      | Noticed Prince Ribbit
  6557 | D:7      | Killed Prince Ribbit
  6813 | D:7      | Found a snail-covered altar of Cheibriados.
  6813 | D:7      | Found an ancient bone altar of Kikubaaqudgha.
  6813 | D:7      | Found an ornate altar of the Wu Jian Council.
  6813 | D:7      | Found a hide-covered altar of Uskayaw.
  7228 | D:8      | Reached XP level 10. HP: 83/90 MP: 9/9
  7543 | D:8      | Reached skill level 8 in Shields
  7650 | D:8      | Identified the +0 ring mail of Impihic {rElec rF+ Dex+4}
  8820 | D:9      | Found a stormy altar of Qazlal.
  8849 | D:9      | Noticed a two-headed ogre
  8856 | D:9      | Killed a two-headed ogre
  9057 | D:9      | Found a large runed translucent door.
  9058 | D:9      | Found a large runed translucent door.
  9131 | D:9      | Noticed a two-headed ogre
  9138 | D:9      | Killed a two-headed ogre
  9284 | D:9      | Found a shimmering altar of Xom.
  9431 | D:9      | Found a broken altar of Ashenzari.
  9435 | D:9      | Paralysed by a hornet for 2 turns
  9439 | D:9      | Found a radiant altar of Vehumet.
  9541 | D:10     | Entered Level 10 of the Dungeon
  9548 | D:10     | Reached skill level 9 in Shields
  9558 | D:10     | Reached XP level 11. HP: 58/99 MP: 10/10
  9601 | D:10     | Reached skill level 10 in Axes
  9665 | D:10     | Found a flagged portal.
  9748 | Bailey   | Entered a bailey
  9779 | Bailey   | Reached skill level 10 in Fighting
 10153 | Bailey   | Noticed an orc knight
 10165 | Bailey   | Killed an orc knight
 10718 | D:10     | Reached skill level 10 in Armour
 10797 | D:10     | Paralysed by a hornet for 1 turns
 11101 | D:10     | Reached skill level 10 in Shields
 11511 | D:11     | Found a staircase to the Lair.
 11793 | D:11     | Reached skill level 11 in Shields
 12007 | D:11     | Reached skill level 10 in Dodging
 12031 | D:11     | Reached XP level 12. HP: 106/110 MP: 11/11
 12261 | D:11     | Reached skill level 12 in Shields
 12567 | D:11     | Reached ***** piety under Trog
 12731 | D:11     | Found a staircase to the Orcish Mines.
 12731 | D:11     | Found Xiessad's Weapon Boutique.
 12742 | D:11     | Identified the +10 quarterstaff of Grontol {vamp, rPois rC-
                  | Str+3 Stlth+}
 12742 | D:11     | Noticed Josephine
 12757 | D:11     | Killed Josephine
 12919 | D:11     | Paralysed by a hornet for 2 turns
 12928 | D:11     | Reached skill level 13 in Shields
 13380 | D:11     | Found a staircase to the Lair.
 13538 | D:11     | Found a staircase to the Orcish Mines.
 13538 | D:11     | Found Xiessad's Weapon Boutique.
 13806 | Lair:1   | Entered Level 1 of the Lair of Beasts
 13849 | Lair:1   | Noticed a four-headed hydra
 13860 | Lair:1   | Killed a seven-headed hydra
 14091 | Lair:1   | Found the +1 robe of Vines {NoPotionHeal Regen++++}
 14096 | Lair:1   | Noticed a seven-headed hydra
 14105 | Lair:1   | Killed an 11-headed hydra
 14106 | Lair:1   | Reached XP level 13. HP: 98/119 MP: 12/12
 14647 | Lair:1   | Found a hide-covered altar of Uskayaw.
 15310 | Lair:2   | Reached skill level 14 in Shields
 15429 | Lair:2   | Found a staircase to the Snake Pit.
 15912 | Lair:2   | Found a staircase to the Swamp.
 16602 | Lair:3   | Noticed Snorg
 16622 | Lair:3   | Killed Snorg
 17857 | Lair:4   | Reached skill level 15 in Shields
 18278 | Lair:4   | Found a runed translucent door.
 18283 | Lair:4   | Noticed InTheClouds's ghost (journeyman MiBe)
 18422 | Lair:4   | Found a staircase to the Slime Pits.
 18807 | Lair:5   | Entered Level 5 of the Lair of Beasts
 19059 | Lair:5   | Noticed Rupert
 19063 | Lair:5   | Paralysed by Rupert for 2 turns
 19073 | Lair:5   | Killed Rupert
 19099 | Lair:5   | Slain by an 18-headed hydra

Illustrated notes

Levels and vault maps discovered:
D:1:      beargit_arrival_diablo_church, layout_basic
D:2:      layout_loops_ring, chequers_serial_rivers_micro_a,
          hangedman_abyss_or_decor_stabs, chequers_avenue,
          minmay_stone_trees_small
D:3:      layout_loops_cross, bh_walls_and_bars, uniq_natasha,
          uniq_crazy_yiuf_cottage
D:4:      layout_basic, serial_corexii_hall, chequers_hall_statues_y,
          corexii_hall_statues_i
D:5:      layout_loops_ring, mainiacjoe_overflow_small_starburst,
          amethyst_overflow_temple_binary, minmay_temple_entry_sparse_star,
          serial_rivers, chequers_serial_rivers_micro_c,
          chequers_serial_rivers_micro_e, chequers_serial_rivers_room_a,
          chequers_serial_rivers_room_a, chequers_serial_rivers_small_b,
          serial_shops, nicolae_shop_getting_attention, portal_sewer_entry_e,
          roderic_roman_lattice, minmay_a_box_with_orc_wizards_in_it
D:6:      layout_rooms, uniq_pikel
D:7:      layout_basic, grunt_temple_overflow_cloverleaf, serial_bayou_crossing,
          uniq_prince_ribbit1
D:8:      minmay_bloctagon, layout_loops_ring
D:9:      layout_loops_ring, xom_butterflies, grunt_qazlal_clouds,
          jmf_multi_god_temple2
D:10:     layout_stronghold, enter_bailey_5
D:11:     hangedman_screamer, layout_irregular_city,
          grunt_lair_entry_orc_guard_hut, orc_david_3,
          nicolae_figureground_sparkle
Lair:1:   wad_woods_stonehenge, layout_regular_city,
          hellmonk_guarded_unrand_vines, infiniplex_staircase_pool
Lair:2:   layout_loops_ring, skrybe_swamp_entry_bodies,
          guppyfry_snake_entry_garden, serial_forest, infiniplex_forest_lined_2,
          infiniplex_forest_3_way, infiniplex_forest_end_1,
          infiniplex_forest_clump_tiny, infiniplex_forest_clump_curved,
          infiniplex_forest_end_1, serial_bayou_shore_b
Lair:3:   layout_gridlike, uniq_snorg
Lair:4:   layout_roguey, slime_entry_1, hellmonk_ghost_happy_afterlife
Lair:5:   hellmonk_lair_end_abyssal_woods, layout_long_grid,
          chequers_serial_rivers_room_a, uniq_kirke, uniq_rupert

Skill      XL: |  1  2  3  4  5  6  7  8  9 10 11 12 13 |
---------------+----------------------------------------+-----
Shields        | 1 2 3 4 6 7 9 11 13 15 | 15.7
Axes           | 4 5 6 7 8 9 11 12 13 | 13.6
Fighting       | 4 5 6 7 8 9 11 12 13 | 13.6
Armour         | 3 4 5 6 8 9 10 12 13 | 13.3
Dodging        | 3 4 5 6 7 8 10 11 12 | 12.3

Action                     |  1- 3 |  4- 6 |  7- 9 | 10-12 | 13-15 || total
---------------------------+-------+-------+-------+-------+-------++-------
  Melee: Hand axe          |    86 |       |       |   505 |   277 ||   868
         Headbutt          |     9 |    24 |    60 |   167 |    88 ||   348
         War axe           |    16 |   121 |   357 |   155 |       ||   649
  Throw: Dart              |       |       |     6 |     4 |       ||    10
 Invoke: Berserk           |       |     1 |     8 |    12 |     5 ||    26
         Trog's Hand       |       |       |     1 |     9 |     1 ||    11
         Brothers in Arms  |       |       |       |     4 |       ||     4
    Use: Scroll            |       |     7 |     1 |     6 |     1 ||    15
 Armour: Animal skin       |    19 |       |       |       |       ||    19
         Chain mail        |    22 |    58 |   155 |    47 |       ||   282
         Ring mail         |       |       |       |   136 |       ||   136
         Plate armour      |       |       |       |    35 |   106 ||   141
  Dodge: Dodged            |    60 |    67 |   188 |   439 |   134 ||   888
  Block: Buckler           |    17 |    18 |   100 |   253 |    93 ||   481
